 Dungeon Crawl Stone Soup version 0.27-a0-380-g150de4c316 (webtiles) character file.

Game seed: 7051890328372251390

85 sanka the Sneak (level 4, 0/45 HPs)
             Began as a Vampire Enchanter on Feb 17, 2021.
             Slain by an orc
             ... wielding a +0 war axe
              (5 damage)
             ... on level 2 of the Dungeon.
             The game lasted 00:03:52 (2121 turns).

sanka the Sneak (Vampire Enchanter)                 Turns: 2121, Time: 00:03:53

Health: 0/45       AC:  4    Str:  7    XL:     4   Next: 25%
Magic:  0/7        EV: 12    Int: 17    God:
Gold:   88         SH:  0    Dex: 15    Spells: 4/7 levels left

rFire    . . .     SeeInvis +   a - +0 dagger (venom)
rCold    . . .     Faith    .   (no shield)
rNeg     . . .     Spirit   +   b - +0 robe
rPois    .         Reflect  .   (no helmet)
rElec    .         Harm     .   (no cloak)
rCorr    .         Rampage  .   h - +1 pair of gloves
Will     .....                  (no boots)
Stlth    ..........             p - amulet of guardian spirit
HPRegen  0.35/turn              (no ring)
MPRegen  0.10/turn              (no ring)

@: berserking, attractive, regenerating quickly, very quick
A: fangs 3, see invisible, unbreathing
a: Exsanguinate


You were on level 2 of the Dungeon.
You visited 1 branch of the dungeon, and saw 3 of its levels.

You collected 88 gold pieces.


Innate Abilities, Weirdness & Mutations

Your natural rate of healing is unusually fast.
You have razor-sharp teeth.
You have supernaturally acute eyesight. (SInv)
You can survive without breathing.


   Skills:
 - Level 1.1 Short Blades
 - Level 2.1 Dodging
 + Level 7.9 Stealth
 - Level 2.0 Spellcasting
 - Level 4.4 Hexes


You had 4 spell levels left.
You knew the following spells:

 Your Spells              Type           Power        Failure   Level
z - Ensorcelled Hibernat  Hex/Ice        18%          12%         2
Z - Corona                Hex            17%          3%          1

Your spell library contained the following spells:

 Spells                   Type           Power        Failure   Level
 Confusing Touch          Hex            16%          10%         3
 Tukima's Dance           Hex            16%          10%         3
 Dazzling Flash           Conj/Hex       18%          24%         3

Inventory:

Hand Weapons
 a - a +0 dagger of venom (weapon)
 n - a +1 dagger
 r - a +0 long sword
Armour
 b - a +0 robe (worn)
 h - a +1 pair of gloves (worn)
 q - a +0 helmet
Jewellery
 p - an amulet of guardian spirit (around neck)
Scrolls
 f - a scroll of magic mapping {unknown}
 g - 2 scrolls of amnesia {unknown}
 i - a scroll of fear {unknown}
 j - a scroll of teleportation {unknown}
 m - a scroll of immolation {unknown}
 o - a scroll of enchant weapon {unknown}
Potions
 d - a potion of degeneration {unknown}
 e - a potion of mutation {unknown}
 k - a potion of flight {unknown}

Dungeon Overview and Level Annotations

Branches:
Dungeon (3/15)

Altars:
Cheibriados
Makhleb
Uskayaw
Xom
The Shining One

▒.▒ ▒.▒▒▒▒▒..............▒
▒.▒ ▒.▒ ▒<▒▒.▒.▒▒▒▒▒▒▒.▒ ▒.▒
▒.▒ ▒.▒▒.▒.▒ ▒.▒ ▒.▒
▒▒▒.▒▒▒▒▒.▒▒.▒.▒ ▒.▒ ▒.▒
▒.(.......▒▒.▒.▒ ▒.▒ ▒.▒
▒.▒.▒▒▒▒▒.▒▒<▒.▒ ▒.▒
▒.▒▒▒.▒.▒ ▒...▒▒...▒ ▒.▒
▒.....▒.▒ ▒oo.▒▒..▒▒ ▒.▒
▒▒▒▒..▒.▒▒▒V▒.▒▒..▒▒▒▒▒▒▒▒.▒
▒.....▒ogo.....▒▒.......▒
▒........†>.......▒▒▒▒▒▒▒
▒.....▒...▒▒▒▒.▒▒▒▒
▒▒▒▒▒▒▒..▒▒▒▒▒.▒▒ ▒.▒
▒.)............▒ ▒.▒
▒.▒▒▒▒▒▒▒▒▒▒▒..▒▒▒▒▒.▒ ▒▒
▒.▒ ▒........▒ ▒. ▒.▒
▒▒.▒▒▒▒▒▒▒ ▒▒.


You could see 4 orcs and a hobgoblin.


Message History

Unknown command.
Aiming: Ensorcelled Hibernation (safe; 12% risk of failure)
Aim: a hobgoblin (chance to affect: 58%)
The hobgoblin resists with significant effort.
The orc closely misses you. The orc completely misses you.
The orc closely misses you. The orc hits you with a +0 war axe.
* * * LOW HITPOINT WARNING * * *
The hobgoblin barely misses you.
Unknown command.
It was a potion of attraction.
You feel attractive to monsters. The orc misses you. The orc barely misses you.
The orc misses you. The hobgoblin misses you.
The orc hits you with a +0 war axe!
* * * LOW HITPOINT WARNING * * *
It was a potion of berserk rage.
A red film seems to cover your vision as you go berserk!
You feel yourself moving faster!
You feel mighty! The orc hits you but does no damage. The orc misses you.
The hobgoblin misses you. The orc barely misses you.
You closely miss the orc. The orc hits you with a +0 war axe.
You die...

Action                   |  1- 3 |  4- 6 || total
-------------------------+-------+-------++-------
Melee: Dagger            |   114 |    28 ||   142
       Bite              |    12 |     3 ||    15
 Cast: Ensorcelled Hiber |     8 |     8 ||    16
  Use: Potion            |       |     2 ||     2
 Stab: Sleeping          |    17 |     4 ||    21
Armor: Robe              |    23 |    10 ||    33
Dodge: Dodged            |    66 |    33 ||    99

Levels and vault maps discovered:
D:1:      dpeg_arrival_simpleton_c, layout_basic
D:2:      layout_loops_ring, lemuel_doored_altar, lemuel_round_altar,
          lemuel_crystal_altar, dancing_weapons_uskayaw, xom_redecorated,
          uniq_robin
D:3:      layout_rooms, chequers_temple_overflow_statue_of_worship,
          nicolae_qazlal_style_of_elements, tgw_kikubaaqudgha

Notes
Turn   | Place    | Note
-------+----------+-------------------------------------------
     0 | D:1      | sanka the Vampire Enchanter began the quest for the Orb.
     0 | D:1      | Reached XP level 1. HP: 13/13 MP: 3/3
   126 | D:1      | Reached skill level 5 in Stealth
   177 | D:1      | Reached XP level 2. HP: 16/19 MP: 5/5
   429 | D:1      | Learned a level 2 spell: Ensorcelled Hibernation
   841 | D:1      | Reached skill level 6 in Stealth
   962 | D:2      | Found a glowing golden altar of the Shining One.
  1140 | D:2      | Noticed Robin
  1283 | D:2      | Found a burning altar of Makhleb.
  1326 | D:2      | Reached XP level 3. HP: 24/24 MP: 3/6
  1369 | D:2      | Found a snail-covered altar of Cheibriados.
  1476 | D:2      | Reached skill level 7 in Stealth
  1487 | D:2      | Noticed a +0 hand axe
  1487 | D:2      | Noticed a +0 hand axe
  1488 | D:2      | Found a hide-covered altar of Uskayaw.
  1693 | D:2      | Found a shimmering altar of Xom.
  1695 | D:2      | Found a shimmering altar of Xom.
  1696 | D:2      | Found a shimmering altar of Xom.
  1698 | D:2      | Found a shimmering altar of Xom.
  1744 | D:2      | Killed Robin
  1745 | D:2      | Reached XP level 4. HP: 30/30 MP: 2/7
  2119 | D:2      | HP: 3/30 [orc/+0 war axe (7)]
  2121 | D:2      | Slain by an orc

Vanquished Creatures
  Robin (D:2)
  An adder (D:2)
  An ooze (D:2)
  3 dart slugs
  4 orcs
  3 giant cockroaches
  7 goblins
  6 hobgoblins
  2 jackals (D:2)
  A quokka (D:2)
  4 ball pythons
  6 bats
  3 kobolds
  7 rats
49 creatures vanquished.
